 Dungeon Crawl Stone Soup version 0.22.1-1-ga44c0e5 (webtiles) character file.

1948 mandick the Purveyor of Pain (level 8, -7/62 HPs)
             Began as a Deep Dwarf Necromancer on Sept 30, 2018.
             Was an Initiate of Kikubaaqudgha.
             Killed from afar by Harold (18 damage)
             ... with a harpoon shot
             ... on level 6 of the Dungeon on Oct 1, 2018.
             The game lasted 00:41:56 (9696 turns).

mandick the Purveyor of Pain (DDNe)                 Turns: 9696, Time: 00:41:56

Health: -7/62      AC:  3    Str: 12    XL:     8   Next: 98%
Magic:  1/11       EV: 16    Int: 18    God:    Kikubaaqudgha [......]
Gold:   264        SH:  3    Dex: 13    Spells: 3/11 levels left

rFire    . . .     SeeInvis .   j - +0 mace (protect)
rCold    . . .     Gourm    .   (no shield)
rNeg     . . .     Faith    .   a - +0 robe
rPois    .         Spirit   .   (no helmet)
rElec    .         Reflect  +   m - +0 cloak
rCorr    .         Harm     .   (no gloves)
MR       +....                  (no boots)
Stlth    ++........             e - +3 amulet of reflection
HPRegen  0.00/turn              d - ring of flight
MPRegen  0.12/turn              (no ring)

@: marked, non-regenerating
A: damage resistance, heal wounds, sense surroundings 1, no regeneration
a: Heal Wounds, Renounce Religion, Evoke Flight


You were on level 6 of the Dungeon.
You worshipped Kikubaaqudgha.
Kikubaaqudgha was noncommittal.
You were not hungry.

You visited 2 branches of the dungeon, and saw 8 of its levels.

You collected 264 gold pieces.

Inventory:

Hand Weapons
 j - a +0 mace of protection (weapon)
 q - a +1 whip of venom
 w - a +0 blowgun
 B - a +1 dire flail of crushing
 E - a +1 whip of freezing
Missiles
 b - a throwing net (quivered)
Armour
 a - a +0 robe (worn)
 m - a +0 cloak (worn)
 s - a +0 buckler
Jewellery
 d - a ring of flight (left hand)
 e - a +3 amulet of reflection (around neck)
Wands
 A - a wand of paralysis (7)
Scrolls
 f - 5 scrolls of remove curse
 h - 6 scrolls of identify {unknown}
 k - a scroll of magic mapping {unknown}
 l - a scroll of enchant weapon {unknown}
 n - a scroll of random uselessness {unknown}
 o - 3 scrolls of teleportation {unknown}
 r - a scroll of fog {unknown}
 t - a scroll of immolation {unknown}
 v - a scroll of fear {unknown}
 x - a scroll of amnesia {unknown}
 y - a scroll of holy word {unknown}
 C - a scroll of blinking {unknown}
Potions
 g - 4 potions of curing {unknown}
 i - 2 potions of flight {unknown}
 p - 2 potions of brilliance {unknown}
 u - a potion of ambrosia {unknown}
 z - 3 potions of heal wounds {unknown}
 D - a potion of invisibility {unknown}
Comestibles
 c - 10 rations


   Skills:
 + Level 0.2 Fighting
 + Level 7.6 Dodging
 - Level 2.4 Stealth
 * Level 2.3 Spellcasting
 + Level 11.0 Necromancy


You had 3 spell levels left.
You knew the following spells:

 Your Spells              Type           Power        Failure   Level  Hunger
a - Pain                  Necr           ####         1%          1    #......
b - Vampiric Draining     Necr           #####.....   1%          3    ###....
c - Animate Dead          Necr           N/A          1%          4    #####..

Your spell library contained the following spells:

 Spells                   Type           Power        Failure   Level  Hunger
 Animate Skeleton         Necr           N/A          1%          1    #......
 Flame Tongue             Conj/Fire      #....        19%         1    #......
 Throw Flame              Conj/Fire      #.....       26%         2    ##.....
 Conjure Flame            Conj/Fire      #.......     47%         3    ###....
 Inner Flame              Hex/Fire       #.......     47%         3    ###....
 Sticky Flame             Conj/Fire      #.......     87%         4    #####..
 Fireball                 Conj/Fire      #.........   99%         5    ######.
 Regeneration             Chrm/Necr      Unusable     N/A         3    N/A

Dungeon Overview and Level Annotations

Branches:
Dungeon (7/15)             Temple (1/1) D:6

Altars:
Ashenzari
Cheibriados
Dithmenos
Elyvilon
Fedhas
Gozag
Hepliaklqana
Kikubaaqudgha
Nemelex Xobeh
Okawaru
Qazlal
Ru
Sif Muna
Trog
Uskayaw
Wu Jian
Xom
Yredelemnul
Zin
The Shining One

Shops:
D:6 (   D:7 (

Annotations:
D:4 2 transporters, BryzzWind's ghost, amateur SpWz
D:6 Harold


Innate Abilities, Weirdness & Mutations

You are resistant to damage.
You can heal yourself by infusing magical energy.
You passively map a small area around you.
You do not regenerate.


Message History

Aiming: Vampiric Draining (safe; 1% risk of failure)
Press: ? - help, Shift-Dir - straight line, f/p - Harold
Aim: Harold, wielding a battleaxe and wearing a scale mail (heavily wounded) Harold is heavily wounded.
You feel life coursing into your body.
Casting: Vampiric Draining (safe; 1% risk of failure)
Confirm with . or Enter, or press ? or * to list all spells.
Aiming: Vampiric Draining (safe; 1% risk of failure)
Press: ? - help, Shift-Dir - straight line, f/p - Harold
Aim: Harold, wielding a battleaxe and wearing a scale mail (heavily wounded) Harold is severely wounded.
You feel life coursing into your body. Harold closely misses you.
Harold points at you and mumbles some strange words.
The harpoon shot hits you!
* * * LOW HITPOINT WARNING * * *
You are yanked forward by the harpoon shot.
Harold casts a spell at you. The harpoon shot hits you!
You die...
Kikubaaqudgha rasps: "You have failed me!
Welcome... death!"

#############.###....#.##....##..
##.....(.............
##..###..#..........
#..'_+..#.....(.###
#..###).##.........
#......###.....#### ##.....#
#.....# #.##### #.....# #@#
#.....# #.## ####### #@.# ##.#
#># ###### #.# ########..... #.#
#........#### #.###.#####.[.#
#(...........##


You could see Harold.

Vanquished Creatures
  Pikel (D:7)
  Prince Ribbit (D:7)
  Sigmund (D:2)
  Edmund (D:6)
  4 slaves
  A big kobold (D:7)
  2 bullfrogs
  A scorpion (D:5)
  A jelly (D:6)
  A bullfrog zombie (D:6)
  A hound (D:7)
  2 orc priests
  Crazy Yiuf (D:2)
  An iguana (D:6)
  Terence (D:2)
  5 orc wizards
  5 worker ants
  2 hound zombies
  A hound skeleton (D:5)
  9 adders
  2 oozes
  2 adder skeletons
  4 worms
  A dart slug (D:1)
  4 leopard geckos
  15 orcs
  7 bats
  A giant cockroach (D:7)
  9 goblins
  14 hobgoblins
  3 jackals (D:4)
  2 quokkas (D:2)
  A ball python (D:1)
  4 frilled lizards
  16 kobolds
  A quokka skeleton (D:5)
  7 rats
135 creatures vanquished.

Notes
Turn   | Place    | Note
-------+----------+-------------------------------------------
     0 | D:1      | mandick the Deep Dwarf Necromancer began the quest for the
                  | Orb.
     0 | D:1      | Reached XP level 1. HP: 15/15 MP: 3/3
   103 | D:1      | Reached XP level 2. HP: 14/22 MP: 0/5
   847 | D:2      | Reached XP level 3. HP: 13/28 MP: 2/6
   914 | D:2      | Learned a level 3 spell: Vampiric Draining
   941 | D:2      | Noticed Terence
   952 | D:2      | Killed Terence
   952 | D:2      | Reached skill level 5 in Necromancy
  1272 | D:2      | Reached XP level 4. HP: 11/36 MP: 3/7
  1416 | D:2      | Found a sparkling altar of Nemelex Xobeh.
  1610 | D:2      | Found a runed door.
  1625 | D:2      | Noticed Crazy Yiuf
  1635 | D:2      | Killed Crazy Yiuf
  1889 | D:2      | Reached skill level 6 in Necromancy
  1889 | D:2      | Reached XP level 5. HP: 17/42 MP: 1/8
  2333 | D:2      | Noticed Sigmund
  2948 | D:2      | Killed Sigmund
  2948 | D:2      | Reached skill level 7 in Necromancy
  2948 | D:2      | Reached XP level 6. HP: 13/49 MP: 1/9
  3020 | D:2      | Learned a level 4 spell: Animate Dead
  4523 | D:3      | Found a shadowy altar of Dithmenos.
  4812 | D:4      | Found a transporter.
  4815 | D:4      | Reached skill level 5 in Dodging
  4857 | D:4      | Found a transporter.
  4857 | D:4      | Noticed BryzzWind's ghost (amateur SpWz)
  4979 | D:4      | Paralysed by an orc for 3 turns
  4987 | D:4      | Reached XP level 7. HP: 19/55 MP: 5/10
  5471 | D:5      | Entered Level 5 of the Dungeon
  5473 | D:5      | Reached skill level 8 in Necromancy
  5757 | D:5      | Found a stormy altar of Qazlal.
  6312 | D:6      | Found a staircase to the Ecumenical Temple.
  6317 | Temple   | Entered the Ecumenical Temple
  6498 | Temple   | Became a worshipper of Elyvilon the Healer
  6555 | D:6      | HP: 2/55 [bullfrog zombie (2)]
  6677 | D:6      | Was placed under penance by Elyvilon
  6679 | D:6      | Fell from the grace of Elyvilon
  6741 | Temple   | Became a worshipper of Kikubaaqudgha
  7448 | D:6      | Found a sacrificial altar of Ru.
  7483 | D:6      | Reached skill level 9 in Necromancy
  7722 | D:6      | Found Ecunyl Piom's Weapon Boutique.
  7733 | D:6      | Noticed Edmund
  7752 | D:6      | Killed Edmund
  7752 | D:6      | Reached XP level 8. HP: 45/62 MP: 3/11
  7824 | D:6      | Found a bloodstained altar of Trog.
  9268 | D:7      | Found Liyf's Weapon Shoppe.
  9269 | D:7      | Noticed Pikel
  9285 | D:7      | Killed Pikel
  9285 | D:7      | Reached skill level 10 in Necromancy
  9293 | D:7      | Noticed Prince Ribbit
  9383 | D:7      | Killed Prince Ribbit
  9383 | D:7      | Was forgiven by Elyvilon
  9383 | D:7      | Reached skill level 11 in Necromancy
  9656 | D:7      | Noticed Harold
  9696 | D:6      | Killed from afar by Harold

Skill      XL: |  1  2  3  4  5  6  7  8 |
---------------+-------------------------+-----
Spellcasting   | 2 |  2.3
Dodging        | 3 4 5 6 7 |  7.6
Necromancy     | 5 6 7 9 11 | 11.0
Fighting       | |  0.2
Stealth        | |  2.4

Action                   |  1- 3 |  4- 6 |  7- 9 || total
-------------------------+-------+-------+-------++-------
Melee: Short sword       |    31 |     1 |       ||    32
       Unarmed           |     4 |       |       ||     4
       Mace              |       |    98 |   160 ||   258
       Whip              |       |    11 |     5 ||    16
Throw: Throwing net      |       |       |     3 ||     3
 Cast: Pain              |    46 |    27 |    11 ||    84
       Vampiric Draining |     3 |    44 |    82 ||   129
       Animate Dead      |       |     1 |     2 ||     3
Invok: Renounce Religion |       |       |     1 ||     1
Evoke: Wand              |       |       |    15 ||    15
  Use: Scroll            |     1 |       |       ||     1
 Stab: Sleeping          |       |     1 |     2 ||     3
       Paralysed         |       |       |     6 ||     6
       Held in net/web   |       |       |     1 ||     1
  Eat: Chunk             |     2 |    14 |    17 ||    33
       Ration            |       |     1 |     3 ||     4
Armor: Robe              |     3 |    45 |    54 ||   102
Dodge: Dodged            |    30 |   101 |   142 ||   273
Block: Other             |     5 |    23 |    18 ||    46
       Reflection        |       |     2 |       ||     2
